AoeStats
← Iguano Pop

Arabian Desert

509298123Analyzed
1v1 RM · 6d ago on Sep 26, 2026· 72m 30s· 2 players
Game mode
Random Map
Map size
Tiny (2 player)
Population
200
Speed
Normal
Resources
Standard
Victory
Conquest
Starting age
Dark Age
Ending age
Imperial Age
RankedLock teamsTeams togetherTeam positionsShared explorationLock speedFull tech treeHidden civsTurbo modeCheats
Victory
Defeat
🇹🇷 Danes · Türkiye
1359
+15
🇲🇽 Turks · Mexico
1347
-15
Iguano Pop
6:40 Loom
9:25 Feudal Age
10:11 Double-Bit Axe
10:36 Town Watch
12:54 Fletching
14:55 Padded Archer Armor
28:29 Castle Age
28:32 Crossbowman
29:08 Bodkin Arrow
38:19 Imperial Age
38:09 Ballistics
37:45 Gold Mining
38:08 Bow Saw
38:22 Thumb Ring
38:36 Leather Archer Armor
40:35 Bracer
44:55 Ring Archer Armor
54:24 Wheelbarrow
59:07 Husbandry
59:17 Bloodlines
61:22 Hand Cart
63:05 Conscription
JourneyofaNoob
7:23 Loom
9:36 Feudal Age
10:10 Double-Bit Axe
10:39 Man-at-Arms
12:43 Fletching
14:17 Padded Archer Armor
22:47 Castle Age
22:53 Elite Skirmisher
23:44 Bodkin Arrow
27:49 Leather Archer Armor
29:54 Wheelbarrow
32:33 Scale Mail Armor
33:10 Squires
32:56 Gambesons
33:38 Chain Mail Armor
33:43 Gold Mining
34:02 Horse Collar
34:55 Forging
36:13 Bow Saw
37:09 Ballistics
36:19 Hamask
37:29 Stone Mining
38:24 Iron Casting
42:00 Imperial Age
40:20 Gold Shaft Mining
40:25 Arson
41:03 Masonry
43:13 Conscription
43:27 Plate Mail Armor
43:50 Hoardings
44:09 Hand Cart
43:39 Town Watch
44:01 Heavy Plow
45:02 Bracer
45:36 Thumb Ring
46:54 Ring Archer Armor
46:37 Capped Ram
51:06 Blast Furnace
50:33 Elite Jomsviking
51:25 Capped Ram
57:01 Siege Ram
58:03 Pikeman
58:35 Halberdier
60:18 Bloodlines
60:09 Husbandry
59:30 Light Cavalry
61:20 Siege Ram
63:38 Elite Varangian Guard
64:29 Scale Barding Armor
73:15 Chemistry
72:21 Siege Engineers
71:57 Northmen's Fury
Connection lost

Rejoining the realm…

Still unreachable

The connection could not be restored.

Session expired

The server has moved on; the page needs a fresh start.